 Dungeon Crawl Stone Soup version 0.22-a0-362-g535178c (webtiles) character file.

266 iamserjio the Insei (level 6, -1/51 HPs)
             Began as a Naga Transmuter on Apr 20, 2018.
             Slain by an orc wizard
             ... wielding a +0 dagger
              (3 damage)
             ... on level 3 of the Dungeon.
             The game lasted 00:11:44 (4026 turns).

iamserjio the Insei (Naga Transmuter)               Turns: 4026, Time: 00:11:44

Health: -1/51      AC:  6    Str: 12    XL:     6   Next: 20%
Magic:  9/9        EV:  8    Int: 13    God:
Gold:   154        SH:  0    Dex: 14    Spells: 8/9 levels left

rFire    . . .     SeeInvis +     - Unarmed
rCold    . . .     Gourm    .   (no shield)
rNeg     . . .     Faith    .   g - +0 ring mail
rPois    +         Spirit   .   (no helmet)
rElec    .         Reflect  .   x - +0 cloak
rCorr    .         Harm     .   h - +0 pair of gloves
MR       .....                  (no barding)
Stlth    ++........             (no amulet)
HPRegen  0.17/turn              (no ring)
MPRegen  0.11/turn              (no ring)

@: short of breath, very slow
A: large, see invisible, deformed body, poison resistance, slowness 2, slow
metabolism 1, spit poison 1, AC +2
a: Spit Poison


You were on level 3 of the Dungeon.
You were hungry.

You visited 1 branch of the dungeon, and saw 3 of its levels.

You collected 154 gold pieces.

Inventory:

Missiles
 a - 49 arrows
 f - 89 stones (quivered)
Armour
 b - a +0 robe
 g - a +0 ring mail (worn)
 h - a +0 pair of gloves (worn)
 o - a +0 leather armour
 x - a +0 cloak (worn)
Jewellery
 l - an uncursed ring of flight {unknown}
 v - an uncursed ring of magical power {unknown}
Wands
 r - a wand of digging (9)
Scrolls
 c - 3 scrolls of identify {unknown}
 e - a scroll of enchant armour {unknown}
 j - a scroll of blinking {unknown}
 m - 5 scrolls of remove curse {unknown}
 n - a scroll of teleportation {unknown}
 q - 2 scrolls of fear {unknown}
 t - a scroll of enchant weapon {unknown}
Potions
 i - a potion of invisibility {unknown}
 p - a potion of heal wounds {unknown}
 s - a potion of haste {unknown}
 u - a potion of might {unknown}
 w - a potion of magic {unknown}
Comestibles
 d - 7 rations
 z - 2 chunks of flesh


   Skills:
 - Level 1.0 Fighting
 - Level 1.5 Dodging
 + Level 4.9 Stealth
 * Level 5.5 Unarmed Combat
 - Level 2.0 Spellcasting
 + Level 2.6 Transmutations


You had 8 spell levels left.
You knew the following spells:

 Your Spells              Type           Power        Failure   Level  Hunger
a - Beastly Appendage     Tmut           #.....       19%         1    ##.....


Dungeon Overview and Level Annotations

Branches:
Dungeon (3/15)

Altars:
Fedhas


Innate Abilities, Weirdness & Mutations

You cannot wear boots.
Your serpentine skin is tough. (AC +2)
You have supernaturally acute eyesight. (SInv)
Armour fits poorly on your strangely shaped body.
Your system is resistant to poisons. (rPois)
You cover ground very slowly.
You have a slow metabolism.
You can spit poison.


Message History

The orc wizard casts a spell at you. The puff of flame hits you!
* * * LOW HITPOINT WARNING * * *
You feel better.
The orc priest looks encouraged for a moment.
The orc wizard hits you but does no damage.
Press: ? - help, Shift-Dir - straight line, f/p - orc priest
Aim: an orc priest, wielding a dagger (severely wounded)
The splash of poison hits the orc wizard.
The orc wizard is poisoned.
The orc wizard is heavily wounded.
You feel slightly more hungry.
The orc priest invokes the aid of Beogh against you.
Beogh smites you!
* * * LOW HITPOINT WARNING * * *
The orc wizard hits you but does no damage.
You closely miss the orc wizard.
The orc wizard is heavily wounded.
The orc wizard hits you with a dagger.
You die...

###########.######
.................##
###########.####..###
# #.#..#....# #######
###.#..#....# .......
.........>#####.
######. .#...o.......
# .##.#o###### #
..o.#@# #####.# #.# #
#.# # #.# ## #.# .#
#. #.# .## #.# #.#
..# #.# #.#


You could see an orc priest and an orc wizard (invisible).

Vanquished Creatures
  An orc priest (D:3)
  Natasha (thrice) (D:3)
  6 adders
  3 gnolls (D:2)
  2 oozes (D:1)
  2 worms (D:2)
  2 dart slugs
  2 leopard geckos (D:1)
  4 orcs (D:3)
  A giant cockroach (D:2)
  A goblin (D:1)
  8 hobgoblins
  7 jackals
  5 kobolds
  8 bats
  2 frilled lizards (D:3)
  6 rats
63 creatures vanquished.

Notes
Turn   | Place    | Note
-------+----------+-------------------------------------------
     0 | D:1      | iamserjio the Naga Transmuter began the quest for the Orb.
     0 | D:1      | Reached XP level 1. HP: 18/18 MP: 3/3
   272 | D:1      | Reached skill level 1 in Stealth
   556 | D:1      | Reached XP level 2. HP: 25/25 MP: 5/5
   883 | D:1      | Reached XP level 3. HP: 31/31 MP: 6/6
  1124 | D:1      | Reached skill level 4 in Unarmed Combat
  2067 | D:2      | Reached XP level 4. HP: 38/38 MP: 7/7
  3003 | D:2      | Reached XP level 5. HP: 44/44 MP: 8/8
  3061 | D:3      | Noticed Natasha
  3069 | D:3      | Killed Natasha
  3069 | D:3      | Reached skill level 5 in Unarmed Combat
  3276 | D:3      | Found a blossoming altar of Fedhas.
  3386 | D:3      | Noticed Natasha
  3389 | D:3      | Killed Natasha
  3637 | D:3      | Noticed Natasha
  3648 | D:3      | Killed Natasha
  3648 | D:3      | Reached XP level 6. HP: 13/51 MP: 9/9
  4025 | D:3      | HP: 2/51 [orc priest/divine providence (10)]
  4026 | D:3      | Slain by an orc wizard

Vault maps used:
D:1:      dpeg_arrival_arbitrary_b, serial_forest, infiniplex_forest_straight_5,
          infiniplex_forest_corner_1, infiniplex_forest_lined_2,
          infiniplex_forest_lined_room_2, infiniplex_forest_clump_C,
          infiniplex_forest_clump_tiny, dk_noncrumbling_3, minmay_hedge_maze
D:2:      first_ration, hangedman_decor_lopped, roderic_lattice_a,
          minmay_small_reverse_x
D:3:      fedhas_altar_fruit_tree, marbit_many_paths, uniq_natasha

Skill      XL: |  1  2  3  4  5 |
---------------+----------------+-----
Stealth        | 1 2 3 4 |  4.9
Unarmed Combat | 4 5 |  5.5
Fighting       | |  1.0
Dodging        | |  1.5
Spellcasting   | |  2.0
Transmutations | |  2.6

Action                   |  1- 3 |  4- 6 || total
-------------------------+-------+-------++-------
Melee: Unarmed           |    92 |   130 ||   222
       Punch             |       |     2 ||     2
 Abil: Spit Poison       |    18 |    24 ||    42
  Use: Potion            |       |     1 ||     1
 Stab: Sleeping          |     1 |     2 ||     3
       Distracted        |       |     1 ||     1
  Eat: Chunk             |     3 |     6 ||     9
Armor: Robe              |    16 |       ||    16
       Ring mail         |    10 |    34 ||    44
Dodge: Dodged            |    48 |    41 ||    89

Table legend:
 A = Spawn XP
 B = Non-spawn XP
 C = Spawn XP percentage of total XP
 D = Spawn monster count
 E = Non-spawn monster count
 F = Spawn count percentage of total count
 G = Total turns spent on level
                    A         B        C        D         E        F      G
               +---------+---------+-------+---------+---------+-------+---------
         Total |       0 |     380 |   0.0 |       0 |      63 |   0.0 |  4026
               +---------+---------+-------+---------+---------+-------+---------
           D:1 |       0 |      53 |   0.0 |       0 |      22 |   0.0 |  1367
           D:2 |       0 |     113 |   0.0 |       0 |      19 |   0.0 |  1668
           D:3 |       0 |     214 |   0.0 |       0 |      22 |   0.0 |   991
               +---------+---------+-------+---------+---------+-------+---------
